 Dungeon Crawl Stone Soup version 0.29-b1-12-g9e2288ab2a (webtiles) character file.

Game seed: 14683386838548946564

154 Zeldest the Sneak (level 5, -2/37 HPs)
             Began as an Octopode Delver on Aug 24, 2022.
             Was a Follower of Cheibriados.
             Slain by an elf zombie (5 damage)
             ... in an ossuary.
             The game lasted 00:04:17 (467 turns).

Zeldest the Sneak (Octopode Delver)                  Turns: 467, Time: 00:04:17

Health: -2/37      AC:  1    Str: 13    XL:     5   Next: 36%
Magic:  6/6        EV: 13    Int: 17    God:    Cheibriados [*.....]
Gold:   0          SH:  0    Dex: 15    Spells: 4/4 levels left

rFire   . . .      SeeInvis .   a - +0 short sword
rCold   . . .      Faith    .   (no shield)
rNeg    . . .      Spirit   .   (helmet restricted)
rPois   .          Reflect  .   (no amulet)
rElec   .          Harm     .   (no ring)
rCorr   .          Rampage  .   (no ring)
Will    .....                   (no ring)
Stlth   ++++......              (no ring)
HPRegen 0.12/turn               (no ring)
MPRegen 0.10/turn               (no ring)
                                (no ring)
                                (no ring)

@: very slow
A: almost no armour, amphibious, 8 rings, camouflage 1, gelatinous body 1,
(nimble swimmer 1), tentacles
a: Renounce Religion, Bend Time


You were in an ossuary.
You worshipped Cheibriados.
Cheibriados was aware of your devotion.
You visited 2 branches of the dungeon, and saw 2 of its levels.
You also visited: Ossuary.

Inventory:

Hand Weapons
 a - a +0 short sword (weapon)
Wands
 f - a wand of digging (3)
Scrolls
 b - a scroll of fog
 d - a scroll of fear
Potions
 e - a potion of haste


   Skills:
 + Level 4.2 Fighting
 - Level 2.0 Short Blades
 - Level 2.0 Dodging
 - Level 6.6 Stealth
 + Level 2.7 Unarmed Combat
 + Level 2.6 Invocations


You had 4 spell levels left.
You didn't know any spells.
Your spell library was empty.

Dungeon Overview and Level Annotations

Branches:
Dungeon (5/15)             Temple (1/1) D:5         Ossuary (1/1)

Altars:
Cheibriados
Hepliaklqana
Ru

Annotations:
D:5 exclusions: ice beast and necrophage


Innate Abilities, Weirdness & Mutations

You cannot wear most types of armour.
You are amphibious.
You can wear up to eight rings at the same time.
Your skin changes colour to match your surroundings (Stealth+).
Your rubbery body absorbs attacks. (AC +1, EV +1)
((You are camouflaged when in or above water. (Stealth+)))
You have tentacles for arms and can constrict up to eight enemies at once.


Message History

You squeeze the elf zombie.
The elf zombie is lightly damaged.
You constrict the elf zombie, but do no damage.
The elf zombie barely misses you.
You hit the elf zombie but do no damage.
The elf zombie is lightly damaged.
You constrict the elf zombie. The elf zombie hits you!
You barely miss the elf zombie.
The elf zombie is lightly damaged.
You constrict the elf zombie.
You hit the elf zombie but do no damage.
You squeeze the elf zombie.
The elf zombie is moderately damaged.
You constrict the elf zombie. The elf zombie hits you.
* * * LOW HITPOINT WARNING * * *
Okay, then.
Okay, then.
You hit the elf zombie. You squeeze the elf zombie.
The elf zombie is heavily damaged.
You constrict the elf zombie. The elf zombie closely misses you.
You hit the elf zombie. You squeeze the elf zombie!
The elf zombie is severely damaged.
You constrict the elf zombie. The elf zombie hits you.
* * * LOW HITPOINT WARNING * * *
You hit the elf zombie.
The elf zombie is severely damaged.
You constrict the elf zombie. The elf zombie closely misses you.
You hit the elf zombie.
You squeeze the elf zombie, but do no damage.
The elf zombie is severely damaged.
You constrict the elf zombie.
You hit the elf zombie but do no damage.
The elf zombie is almost destroyed.
You constrict the elf zombie. The elf zombie hits you!
* * * LOW HITPOINT WARNING * * *
You hit the elf zombie.
You squeeze the elf zombie, but do no damage.
The elf zombie is almost destroyed.
You constrict the elf zombie. The elf zombie hits you.
You die...

#..'.......
#..##..Z.## ##..#
#...####Z+ ####Z..#
#......########......#
#....................#
#....................#
#......######## .....#
#...#### #...####...#
#..## #...Z@.##..#
#..# #.####..'..#
#..##.......# #.##..#
#...####.Z.Z+ ####...#
#......########......#
#....................#
#........∩..∩........#
######################


You could see an elf zombie.

Vanquished Creatures
  A necrophage (D:5)
  A hound (D:5)
  2 hound zombies (Ossuary)
  A mummy (D:5)
  An ufetubus (D:5)
  2 adder zombies (Ossuary)
  An orc (D:5)
  A goblin zombie (Ossuary)
  4 hobgoblin zombies (Ossuary)
  2 jackal zombies (Ossuary)
  5 kobold zombies (Ossuary)
  3 quokka zombies (Ossuary)
  A rat zombie (Ossuary)
25 creatures vanquished.

Notes
Turn   | Place    | Note
-------+----------+-------------------------------------------
     0 | D:5      | Zeldest the Octopode Delver began the quest for the Orb.
     0 | D:5      | Reached XP level 1. HP: 16/16 MP: 1/1
    25 | D:5      | Noticed a necrophage
    39 | D:5      | Reached skill level 1 in Unarmed Combat
    39 | D:5      | Reached XP level 2. HP: 16/21 MP: 2/2
    74 | D:5      | Found a staircase to the Ecumenical Temple.
    83 | Temple   | Entered the Ecumenical Temple
    89 | Temple   | Became a worshipper of Cheibriados the Contemplative
   116 | D:5      | Noticed an ice beast
   158 | D:5      | Reached skill level 1 in Invocations
   158 | D:5      | Reached XP level 3. HP: 26/26 MP: 3/3
   182 | D:5      | Killed a necrophage
   183 | D:5      | Reached XP level 4. HP: 11/33 MP: 3/5
   293 | D:5      | Found a sand-covered staircase.
   298 | Ossuary  | Entered an ossuary
   354 | Ossuary  | Reached XP level 5. HP: 36/37 MP: 6/6
   440 | Ossuary  | Reached * piety under Cheibriados
   467 | Ossuary  | Slain by an elf zombie

Illustrated notes

Levels and vault maps discovered:
D:5:      black_bear_nest_1, layout_loops_ring, minmay_temple_entry_butterflies,
          nicolae_ossuary_entry_giza, minmay_fire_ice_demons, uniq_ijyb
Temple:   chequers_temple_sunken
Ossuary:  minmay_ossuary_two_tombs

Skill      XL: |  1  2  3  4 |
---------------+-------------+-----
Unarmed Combat | 1 2 |  2.7
Invocations    | 1 2 |  2.6
Fighting       | 4 |  4.2
Short Blades   | |  2.0
Dodging        | |  2.0
Stealth        | |  6.6

Action                   |  1- 3 |  4- 6 || total
-------------------------+-------+-------++-------
Melee: Short sword       |    14 |    51 ||    65
       Constrict         |     2 |    13 ||    15
       Tentacles         |     4 |    18 ||    22
       Punch             |       |     4 ||     4
  Use: Scroll            |     1 |       ||     1
       Potion            |     1 |       ||     1
 Stab: Sleeping          |     2 |     8 ||    10
Dodge: Dodged            |     5 |    19 ||    24
